 Dungeon Crawl Stone Soup version 0.28-a0-265-g048bc9fd10 (webtiles) character file.

Game seed: 2435817426195746650

118 theanonym the Chopper (level 4, -9/42 HPs)
             Began as a Deep Dwarf Monk on Aug 28, 2021.
             Blown up by Ijyb (16 damage)
             ... with a mindburst bolt
             ... on level 3 of the Dungeon.
             The game lasted 00:04:13 (2040 turns).

theanonym the Chopper (Deep Dwarf Monk)             Turns: 2040, Time: 00:04:13

Health: -9/42      AC:  6    Str: 15    XL:     4   Next: 72%
Magic:  4/4        EV: 11    Int: 11    God:
Gold:   121        SH:  0    Dex: 15    Spells: 3/3 levels left

rFire   . . .      SeeInvis .   a - +0 hand axe
rCold   . . .      Faith    .   (no shield)
rNeg    . . .      Spirit   .   j - +0 ring mail
rPois   .          Reflect  .   d - +0 helmet
rElec   .          Harm     .   (no cloak)
rCorr   .          Rampage  .   (no gloves)
Will    .....                   (no boots)
Stlth   +.........              (no amulet)
HPRegen 0.00/turn               (no ring)
MPRegen 0.09/turn               (no ring)

@: no status effects
A: damage resistance, heal wounds, sense surroundings 1, no regeneration
a: Heal Wounds


Innate Abilities, Weirdness & Mutations

You are resistant to damage.
You can heal yourself by infusing magical energy.
You passively map a small area around you.
You do not regenerate.


   Skills:
 + Level 3.4 Fighting
 * Level 4.9 Axes
 + Level 2.1 Armour
 - Level 3.2 Dodging
 - Level 2.4 Stealth


You had 3 spell levels left.
You didn't know any spells.
Your spell library was empty.

Skill      XL: |  1  2  3  4 |
---------------+-------------+-----
Armour         | 1 2 |  2.1
Fighting       | 3 |  3.4
Axes           | 4 |  4.9
Dodging        | |  3.2
Stealth        | |  2.4

Action                   |  1- 3 |  4- 6 || total
-------------------------+-------+-------++-------
Melee: Hand axe          |   171 |    85 ||   256
 Abil: Heal Wounds       |     1 |     2 ||     3
  Use: Potion            |       |     3 ||     3
       Scroll            |       |     1 ||     1
 Stab: Sleeping          |     9 |       ||     9
Armor: Robe              |    17 |       ||    17
       Leather armour    |    13 |       ||    13
       Ring mail         |     5 |    64 ||    69
Dodge: Dodged            |    92 |    79 ||   171

Inventory:

Hand Weapons
 a - a +0 hand axe (weapon)
Armour
 d - a +0 helmet (worn)
 j - a +0 ring mail (worn)
Scrolls
 i - a scroll of noise
 r - a scroll of identify


You were on level 3 of the Dungeon.
You visited 1 branch of the dungeon, and saw 3 of its levels.

You collected 121 gold pieces.

Dungeon Overview and Level Annotations

Branches:
Dungeon (3/15)

Altars:

Annotations:
D:3 Ijyb

#.., , ###+## #.....#
#.. * #. #...>.# #...
* #.* ##...## * ,
##.## #.### , *
##...###########.#
#................# ,
#####...#############
** , ........## ,
####...@.# ** #..g.##
, ###.## ,, #.* ** *
, , * #. ,, * #. ** *
#. * #. ** , , ,


You could see Ijyb.

Notes
Turn   | Place    | Note
-------+----------+-------------------------------------------
     0 | D:1      | theanonym the Deep Dwarf Monk began the quest for the Orb.
     0 | D:1      | Reached XP level 1. HP: 20/20 MP: 1/1
    85 | D:1      | Reached XP level 2. HP: 20/27 MP: 2/2
   156 | D:1      | HP: 12/27 [quokka (2)]
   158 | D:1      | Reached skill level 1 in Armour
   177 | D:1      | HP: 11/27 [frozen (1)]
   181 | D:1      | Reached skill level 3 in Fighting
   238 | D:1      | HP: 7/28 [frozen (3)]
   242 | D:1      | Reached skill level 4 in Axes
   356 | D:1      | Reached XP level 3. HP: 34/34 MP: 3/3
   820 | D:2      | HP: 17/34 [worm (2)]
   921 | D:2      | HP: 12/34 [kobold (2)]
  1236 | D:2      | HP: 10/34 [adder (1)]
  1280 | D:2      | Reached XP level 4. HP: 13/42 MP: 4/4
  1397 | D:2      | HP: 11/42 [adder (2)]
  1573 | D:3      | Noticed Robin
  1588 | D:2      | Killed Robin
  1589 | D:2      | Reached skill level 2 in Armour
  1720 | D:3      | Noticed a scorpion
  1728 | D:3      | HP: 20/42 [iguana (3)]
  1780 | D:3      | HP: 14/42 [scorpion (1)]
  2026 | D:3      | Noticed Ijyb
  2038 | D:3      | HP: 7/42 [disintegration (27)]
  2040 | D:3      | Blown up by Ijyb

Vanquished Creatures
  Robin (D:2)
  2 adders (D:2)
  2 worms (D:2)
  A dart slug (D:1)
  An orc (D:3)
  3 ball pythons
  7 endoplasms
  A giant cockroach (D:2)
  11 goblins
  9 hobgoblins
  9 jackals
  7 kobolds
  3 quokkas
  4 bats (D:2)
  4 frilled lizards
  5 rats
70 creatures vanquished.

Table legend: (Time is in decaauts)
 A = Elapsed time spent in this place.
 B = Non-inter-level travel time spent in this place.
 C = Inter-level travel time spent in this place.
 D = Time resting spent in this place.
 E = Time spent auto-exploring this place.
 F = Levels seen in this place.
 G = Mean time per level.
                   A        B        C        D        E       F      G
               +--------+--------+--------+--------+--------+-----+--------+
         Total |   2066 |   1861 |    205 |      0 |   1206 |   3 |  688.7 |
       Dungeon |   2066 |   1861 |    205 |      0 |   1206 |   3 |  688.7 |
               +--------+--------+--------+--------+--------+-----+--------+

Top non-repeatable levels by time:
     D:2: 873 daAuts
     D:1: 752 daAuts
     D:3: 440 daAuts
